 Dungeon Crawl Stone Soup version 0.28-a0-1182-g381e24db82 (webtiles) character file.

Game seed: 7801637207839485127

77 jtrev the Cudgeller (level 4, -2/28 HPs)
             Began as a Gargoyle Berserker on Dec 16, 2021.
             Was a Believer of Trog.
             Slain by a worm (5 damage)
             ... on level 2 of the Dungeon.
             The game lasted 00:02:33 (2095 turns).

jtrev the Cudgeller (Gargoyle Berserker)            Turns: 2095, Time: 00:02:34

Health: -2/28      AC:  5    Str: 22    XL:     4   Next: 34%
Magic:  4/4        EV: 11    Int:  8    God:    Trog [**....]
Gold:   125        SH:  0    Dex:  9    Spells: 3/3 levels left

rFire   . . .      SeeInvis .   a - +0 mace
rCold   . . .      Faith    .   (no shield)
rNeg    + . .      Spirit   .   b - +0 animal skin
rPois   ∞          Reflect  .   (no helmet)
rElec   +          Harm     .   (no cloak)
rCorr   .          Rampage  .   (no gloves)
Will    .....                   (no boots)
Stlth   +.........              (no amulet)
HPRegen 0.09/turn               (no ring)
MPRegen 0.09/turn               (no ring)

@: on berserk cooldown, slowed, very slow
A: sickness immunity, AC +3, negative energy resistance 1, electricity
resistance, torment resistance 1, petrification resistance
a: Renounce Religion, Berserk, Trog's Hand


You were on level 2 of the Dungeon.
You worshipped Trog.
Trog was pleased with you.
You visited 1 branch of the dungeon, and saw 2 of its levels.

You collected 125 gold pieces.

Inventory:

Hand Weapons
 a - a +0 mace (weapon)
Armour
 b - a +0 animal skin (worn)
 h - a +0 cloak
   (You found it on level 2 of the Dungeon)
Scrolls
 d - a scroll of enchant weapon {unknown}
 f - a scroll of blinking {unknown}
 g - a scroll of teleportation {unknown}
 i - a scroll of summoning {unknown}
Potions
 c - a potion of haste {unknown}
 e - a potion of attraction {unknown}


   Skills:
 - Level 3.2 Fighting
 + Level 5.0 Maces & Flails
 - Level 2.1 Armour
 - Level 1.5 Dodging


You had 3 spell levels left.
You didn't know any spells.
Your spell library was empty.

Dungeon Overview and Level Annotations

Branches:
Dungeon (2/15)

Altars:


Innate Abilities, Weirdness & Mutations

You are immune to sickness and miasma.
Your stone body is resilient. (AC +3)
You are immune to poison.
You resist negative energy. (rN+)
You are resistant to electric shocks. (rElec)
You are resistant to unholy torment.
You are immune to petrification.


Message History

You sock the gnoll!
You kill the gnoll!
Trog accepts your kill.
You have reached level 4!
You feel clever.
Things that are here:
a +0 spear; a gnoll corpse Unknown command.
You feel a strong urge to attack something.
The gnoll barely misses you. The gnoll hits you with a +0 spear.
Unknown command.
You sock the gnoll! The gnoll barely misses you.
Unknown command.
You sock the gnoll!
You kill the gnoll!
Trog accepts your kill. The gnoll barely misses you.
You sock the gnoll! The gnoll hits you with a +0 spear.
* * * LOW HITPOINT WARNING * * *
You thump the gnoll!
You kill the gnoll!
Trog accepts your kill.
Your Maces & Flails skill increases to level 5!
You are no longer berserk.
You are exhausted.
You feel yourself slow down. The worm bites you.
* * * LOW HITPOINT WARNING * * *
Things that are here:
a +0 spear; a gnoll corpse You hit the worm.
A gnoll comes into view. It is wielding a +0 flail.
The worm closely misses you.
The gnoll shouts!
You hit the worm. The worm bites you.
* * * LOW HITPOINT WARNING * * *
You hit the worm. The worm bites you.
* * * LOW HITPOINT WARNING * * *
You hit the worm. The gnoll hits you with a +0 flail.
* * * LOW HITPOINT WARNING * * *
The worm barely misses you. The gnoll hits you with a +0 flail.
* * * LOW HITPOINT WARNING * * *
Unknown command.
Unknown command.
You fail to use your ability.
A bat comes into view.
The gnoll hits you with a +0 flail.
* * * LOW HITPOINT WARNING * * *
The worm bites you.
You die...

####........# #.#
#....# ###†#########
#.# #.#### .#.## #.#
#.# #.## #.# #.# #.#
#.# ####.# #.#
#.###.##.# #.#
#.##.#.#.# #.#
##########.#.###..#
#.# #...w@g)....##
##.# #.#
#.#####)..?....#...#
#.# #.###.##.#..##
...# ##.# #.## #####
#.... .... ... ##.#
.#? #..#


You could see a worm and a gnoll.

Vanquished Creatures
  3 gnolls (D:2)
  An adder (D:2)
  3 dart slugs
  An endoplasm (D:1)
  5 giant cockroaches
  5 hobgoblins
  A ball python (D:1)
  5 bats
  2 frilled lizards
  3 goblins
  3 kobolds (D:2)
  4 rats
36 creatures vanquished.

Notes
Turn   | Place    | Note
-------+----------+-------------------------------------------
     0 | D:1      | jtrev the Gargoyle Berserker began the quest for the Orb.
     0 | D:1      | Reached XP level 1. HP: 14/14 MP: 1/1
   365 | D:1      | Reached XP level 2. HP: 3/19 MP: 2/2
   732 | D:1      | Found a faded altar of an unknown god.
  1235 | D:1      | Reached skill level 4 in Maces & Flails
  1377 | D:2      | Reached ** piety under Trog
  1498 | D:2      | Reached XP level 3. HP: 12/23 MP: 3/3
  2084 | D:2      | Reached XP level 4. HP: 28/28 MP: 4/4
  2090 | D:2      | Reached skill level 5 in Maces & Flails
  2095 | D:2      | Slain by a worm

Illustrated notes

Levels and vault maps discovered:
D:1:      matt_arrival_refuge, layout_loops_ring,
          dreamdust_ecumenical_altar_grove, serial_forest,
          infiniplex_forest_corner_1, infiniplex_forest_pool,
          infiniplex_forest_clump_diagonal, infiniplex_forest_end_2,
          infiniplex_forest_straight_2, minmay_crystal_room,
          hangedman_abyss_or_decor_stabs, minmay_misc_feat_chi
D:2:      layout_loops_ring, serial_shops, nicolae_square_shop

Skill      XL: |  1  2  3  4 |
---------------+-------------+-----
Maces & Flails | 4 5 |  5.0
Fighting       | |  3.2
Armour         | |  2.1
Dodging        | |  1.5

Action                   |  1- 3 |  4- 6 || total
-------------------------+-------+-------++-------
Melee: Mace              |    99 |     8 ||   107
Invok: Berserk           |     1 |       ||     1
 Stab: Distracted        |     1 |       ||     1
       Sleeping          |     1 |       ||     1
Armor: Animal skin       |    31 |       ||    31
Dodge: Dodged            |    53 |     5 ||    58

Table legend: (Time is in decaauts)
 A = Elapsed time spent in this place.
 B = Non-inter-level travel time spent in this place.
 C = Inter-level travel time spent in this place.
 D = Time resting spent in this place.
 E = Time spent auto-exploring this place.
 F = Levels seen in this place.
 G = Mean time per level.
                   A        B        C        D        E       F      G
               +--------+--------+--------+--------+--------+-----+--------+
         Total |   2118 |   2084 |     34 |    253 |   1567 |   2 | 1059.0 |
       Dungeon |   2118 |   2084 |     34 |    253 |   1567 |   2 | 1059.0 |
               +--------+--------+--------+--------+--------+-----+--------+

Top non-repeatable levels by time:
     D:1: 1385 daAuts
     D:2: 733 daAuts
